Cogmind - Beta 16 @@@ ROGUE MODE // 2026.01.11 @ 18:15:28 Player: Ez3 Result: Destroyed by QK-WYT(R) with Subdweller Machine Gun Performance ------------- Evolutions (0) 0 Regions Visited (2) 400 Robots Destroyed (5) 25 Value Destroyed (122) 122 Prototype IDs (0) 0 Alien Tech Used (0) 0 Bonus (0) 0 TOTAL SCORE: 547 Bonus ------- None Cogmind --------- Core Integrity 0/250 Matter 278/300 Energy 99/100 System Corruption 0% Temperature Cool (0) Movement Rolling (80) Location -10/Subcaves Parts ------- > --- POWER (1) -------- (None) > --- PROPULSION (2) --- Wheel Wheel > --- UTILITY (2) ------ Heat Sink > --- WEAPON (2) ------- Light Assault Rifle > --- INVENTORY (5) ---- Aluminum Leg Wheel Peak State ------------ > --- POWER ------------ Neutrino Core > --- PROPULSION ------- Aluminum Leg Aluminum Leg > --- UTILITY ---------- Phase Shifter > --- WEAPON ----------- Small Laser Assault Rifle > --- INVENTORY -------- Wheel Wheel Wheel Heat Sink Light Assault Rifle [Rating: 15] Favorites ----------- Power Light Ion Engine Engine Light Ion Engine Power Core Neutrino Core Propulsion Aluminum Leg Leg Aluminum Leg Wheel Wheel Utility Medium Matter Pod Device Heat Sink Storage Medium Matter Pod Protection Scrap Shield Weapon Assault Rifle Energy Gun Small Laser Ballistic Gun Assault Rifle Build | -11 -10 -10 ------- Run | Yrd Mat Sub Slots Evolved . | . . . Power . | . . . Propulsion . | . . . Utility . | . . . Weapon . | . . . Parts Attached 14 | 8 1 5 Power 3 | 2 . 1 Engine 2 | 2 . . Core 1 | . . 1 Reactor . | . . . Propulsion 4 | 2 . 2 Treads . | . . . Leg 2 | 2 . . Wheel 2 | . . 2 Hover . | . . . Flight . | . . . Utility 4 | 2 . 2 Device 2 | 1 . 1 Storage 1 | 1 . . Processor . | . . . Hackware . | . . . Protection 1 | . . 1 Artifact . | . . . Weapon 3 | 2 1 . Energy Gun 1 | . 1 . Energy Cannon . | . . . Ballistic Gun 2 | 2 . . Ballistic Cannon . | . . . Launcher . | . . . Special Weapon . | . . . Impact Weapon . | . . . Slashing Weapon . | . . . Piercing Weapon . | . . . Special Melee Weapon . | . . . Unidentified Prototypes . | . . . Parts Lost 7 | . . 7 Power 2 | . . 2 Propulsion 1 | . . 1 Utility 2 | . . 2 Weapon 2 | . . 2 Highest Loss Streak 4 | . . 4 To Critical Strikes . | . . . Average Backups 4 | 4 4 4 Power . | . . . Propulsion 2 | 2 3 2 Utility . | . . . Weapon 1 | 1 1 . Tool/Special . | . . . Unused Backups 2 | 1 . 1 Power . | . . . Propulsion 2 | 1 . 1 Utility . | . . . Weapon . | . . . Tool/Special . | . . . Average Slot Usage (%) 87 | . 100 82 Engine 11 | . 14 10 Core 2 | . . 3 Leg 22 | . 28 21 Wheel 5 | . . 7 Device 8 | . 14 6 Storage 3 | . 14 . Protection 6 | . . 9 Energy Gun 11 | . 14 10 Ballistic Gun 14 | . 14 14 Peak Build Rating 15 | 7 7 15 Average Rating 7 | 6 7 9 On Entrance 4 | . 6 7 Avg Prop Armor Cover (%) . | . . . Naked Turns . | . . . Heaviest Build 24 | 9 9 24 Greatest Support 20 | 20 20 20 Greatest Overweight (x) 1 | . . 1 Average Overweight (x) . | . . . Largest Inventory Capacity 5 | 5 5 5 Average Capacity 5 | 5 5 5 Most Carried 5 | 5 4 5 Average Carried 4 | 4 4 4 Final Capacity 5 | 5 5 5 Final Carried 5 | 5 4 2 Class Distribution -------------------- 100% | Mutant Dominant Class ---------------- Mutant | -10/Materials Mutant | -10/Subcaves Resources | -11 -10 -10 ----------- Run | Yrd Mat Sub Matter Collected 448 | 403 . 45 Remotely . | . . . Salvage Created 158 | 76 . 82 Parts 10 | 5 . 5 Haulers Intercepted . | . . . Recyclers Shooed . | . . . Parts Field Recycled . | . . . Retrieved Matter . | . . . Parts Self-Destructed 8 | . . 8 Prevented . | . . . Parts Restored . | . . . Kills | -11 -10 -10 ------- Run | Yrd Mat Sub Combat Hostiles Destroyed 3 | 1 . 2 Guns 3 | 1 . 2 Classes Destroyed 4 | 3 . 1 Worker 1 | 1 . . Tunneler 1 | 1 . . Grunt 1 | 1 . . Subdweller 2 | . . 2 Best Kill Streak 2 | 1 . 2 Combat Bots Only 2 | 1 . 2 Max Kills in Single Turn 1 | 1 . 1 Gunslinging . | . . . Exploded . | . . . Melee . | . . . Uniques/NPCs Destroyed . | . . . Combat | -11 -10 -10 -------- Run | Yrd Mat Sub Hostile Shots Fired 84 | 5 . 79 Missed 27 | . . 27 Hits 57 | 5 . 52 Projectile 57 | 5 . 52 Critical Strikes 1 | . . 1 Damage Taken 1135 | 52 . 1083 Core 258 | . . 258 Absorbed by Shields . | . . . Core Remaining (%) 100 | 100 . . Volleys Fired 24 | 8 . 16 Largest 2 | 2 . 2 Hottest 60 | 40 . 60 Shots Fired 35 | 14 . 21 Gun 35 | 14 . 21 Cannon . | . . . Launcher . | . . . Special . | . . . Kinetic 30 | 14 . 16 Thermal 5 | . . 5 Explosive . | . . . Electromagnetic . | . . . Robot Hit Streak 9 | 6 . 9 Robot Miss Streak 1 | 1 . 1 Penetration Max . | . . . Secondary Targets . | . . . Shots Hit Robots 27 | 10 . 17 Core Hits 13 | 5 . 8 Critical Kills . | . . . Critical Parts Destroyed . | . . . Critical Strikes . | . . . Melee Attacks . | . . . Impact . | . . . Slashing . | . . . Piercing . | . . . Sneak Attacks . | . . . Combat Hostiles . | . . . Follow-up Attacks . | . . . Damage Inflicted 276 | 107 . 169 Guns 276 | 107 . 169 Cannons . | . . . Explosions . | . . . Melee . | . . . Ramming . | . . . Kinetic 223 | 107 . 116 Thermal 53 | . . 53 Explosive . | . . . Electromagnetic . | . . . Impact . | . . . Slashing . | . . . Piercing . | . . . Highest Corruption . | . . . Average Corruption . | . . . Corruption Purged . | . . . Corruption Blocked . | . . . Overload Shots . | . . . Overflow Damage . | . . . Projectiles . | . . . Explosions . | . . . Melee . | . . . Knockbacks . | . . . Impact . | . . . Kinetic . | . . . Secondary . | . . . Self-Inflicted Damage . | . . . Shots . | . . . Rammed . | . . . Targets Rammed . | . . . Kicked . | . . . Crushed . | . . . Highest Temperature 6 | 6 . . Average Temperature 6 | 6 . . Received Heat Transfer 213 | 30 . 183 Siege Activations . | . . . Martial Activations . | . . . Shielding Activations . | . . . Robots Disrupted . | . . . Combat Hostiles . | . . . Robots Corrupted . | . . . Combat Hostiles . | . . . Parts Fried . | . . . Impact Corruptions . | . . . Robots Melted . | . . . Combat Hostiles . | . . . Parts Melted . | . . . Heat Transferred 125 | . . 125 Parts Sabotaged . | . . . Parts Stolen . | . . . Parts Stripped . | . . . Power Chain Reactions . | . . . Alert | -11 -10 -10 ------- Run | Yrd Mat Sub Maximum Alert Level . | . . . Low Security (%) 100 | 100 100 . Level 1 . | . . . Level 2 . | . . . Level 3 . | . . . Level 4 . | . . . Level 5 . | . . . High Security . | . . . Max Security . | . . . Peak Influence 10 | 10 5 . Initial . | . . . Average . | . . . Influence Increases 35 | 30 5 . Destroy 0b10 Robot/C 20 | 20 . . Destroy 0b10 Robot/NC 10 | 10 . . Successful Hack 5 | . 5 . Influence Decreases 35 | 30 5 . Time Decay 35 | 30 5 . Squads Dispatched . | . . . Investigation . | . . . Extermination . | . . . Reinforcement . | . . . Assault . | . . . Garrison . | . . . Intercept . | . . . Searches Triggered . | . . . Construction Impeded . | . . . Haulers Reinforced . | . . . Active Scanning Responses . | . . . Cargo Convoy Interrupts . | . . . Stealth | -11 -10 -10 --------- Run | Yrd Mat Sub Distress Signals . | . . . Communications Jammed . | . . . Distress Signals . | . . . Times Spotted 15 | 1 . 14 Peak Tracking Total 6 | 1 . 6 Tactical Retreats 1 | . . 1 Traps | -11 -10 -10 ------- Run | Yrd Mat Sub Traps Triggered . | . . . Indirectly . | . . . Trap Hack Attempts . | . . . Triggered . | . . . Disarmed . | . . . Reprogrammed . | . . . Reused . | . . . Traps Extracted . | . . . Installed . | . . . Triggered . | . . . Machines | -11 -10 -10 ---------- Run | Yrd Mat Sub Machines Disabled . | . . . Max in Single Turn . | . . . Machines Repaired . | . . . Machines Dismantled . | . . . Machines Sabotaged . | . . . Overloaded Fab Kills . | . . . Hacking | -11 -10 -10 --------- Run | Yrd Mat Sub Machines Accessed 1 | . 1 . Terminals 1 | . 1 . Fabricators . | . . . Repair Stations . | . . . Recycling Units . | . . . Scanalyzers . | . . . Garrison Access . | . . . Total Hacks 2 | . 2 . Successful 2 | . 2 . Failed . | . . . Catastrophic . | . . . Database Lockouts . | . . . Manual . | . . . Terminals 2 | . 2 . Fabricators . | . . . Repair Stations . | . . . Recycling Units . | . . . Scanalyzers . | . . . Garrison Access . | . . . Terminal Hacks 2 | . 2 . Locate Traps 1 | . 1 . Zone Layout 1 | . 1 . Fabricator Hacks . | . . . Repair Station Hacks . | . . . Recycling Unit Hacks . | . . . Scanalyzer . | . . . Garrison Access Hacks . | . . . Unauthorized Hacks . | . . . Terminals . | . . . Fabricators . | . . . Repair Stations . | . . . Recycling Units . | . . . Scanalyzers . | . . . Garrison Access . | . . . Data Cores Recovered . | . . . Used . | . . . Hacking Detections . | . . . Full Trace Events . | . . . Feedback Events . | . . . Feedback Blocked . | . . . Robot Schematics Acquired . | . . . Robots Built . | . . . Authchips . | . . . Time . | . . . Total Robot Build Rating . | . . . Part Schematics Acquired . | . . . Parts Built . | . . . Authchips . | . . . Time . | . . . Total Part Build Rating . | . . . Part Studies Acquired . | . . . Parts Repaired . | . . . Time . | . . . Parts Recycled . | . . . Recycled Matter . | . . . Retrieved Matter . | . . . Retrieved Components . | . . . Parts Scanalyzed . | . . . Part Schematics Acquired . | . . . Parts Damaged . | . . . Bothacking | -11 -10 -10 ------------ Run | Yrd Mat Sub Used RIF Installer . | . . . Robots Hacked . | . . . Non-combat . | . . . Combat . | . . . Robot Hacks Applied . | . . . Relay Couplers Released . | . . . Fabnet Peak Effective % . | . . . Robots Rewired . | . . . Allies Hacked . | . . . Hacks Repelled . | . . . Allies | -11 -10 -10 -------- Run | Yrd Mat Sub Total Allies . | . . . Largest Group . | . . . Highest-Rated Group . | . . . Highest-Rated Ally . | . . . Total Orders . | . . . Ally Attacks . | . . . Total Damage . | . . . Kills . | . . . Allies Corrupted . | . . . Allies Melted . | . . . Intel | -11 -10 -10 ------- Run | Yrd Mat Sub Active Infowar (turns) . | . . . Robot Analysis Total . | . . . Derelict Logs Recovered . | . . . Drone Launches . | . . . Drone Recoveries . | . . . Exploration | -11 -10 -10 ------------- Run | Yrd Mat Sub Turns Passed 830 | 411 107 312 Spaces Moved 546 | 281 89 176 Core 16 | 16 . . Treads . | . . . Legs 457 | 265 89 103 Wheels 73 | . . 73 Hover . | . . . Flight . | . . . Fastest Speed 50 | 50 120 80 Average Speed 124 | 116 120 140 Slowest Speed 190 | 120 120 190 Overloaded Moves . | . . . Propulsion Burnouts . | . . . Robots Hopped . | . . . Potential Cave-ins . | . . . Cave-ins Triggered . | . . . Exploration Rate (%) 15 | 12 17 16 Regions Visited 2 Branch Regions 1 Pre-discovered Areas . | . . . Known Exits Taken . | . . . Unknown Exits Taken 2 | 1 1 . Scrap Searched . | . . . Spaces Dug . | . . . Terrain Destroyed . | . . . Melee . | . . . Projectile . | . . . AOE . | . . . Terrain Rammed . | . . . Walls Destroyed . | . . . Machines Disabled . | . . . Actions | -11 -10 -10 --------- Run | Yrd Mat Sub Total 663 | 352 89 222 Wait 64 | 44 . 20 Move 544 | 280 88 176 Hop . | . . . Pick Up 9 | 9 . . Fast Attach 8 | 5 . 3 Attach 6 | 2 1 3 Detach 2 | . . 2 Swap 2 | 1 . 1 Drop 4 | 3 . 1 Fire 24 | 8 . 16 Melee . | . . . Ram . | . . . Kick . | . . . Crush . | . . . Escape Stasis . | . . . Rewire . | . . . Trap . | . . . Miscellaneous . | . . . Route ------- -11/Scrapyard -10/Materials -10/Subcaves (discovered 1 exit: [*Scr]) History --------- Turn | Location | Event 2 | -11/Scrapyard | Met Revision 17 78 | -11/Scrapyard | Discovered new exit (range 8) 412 | -11/Scrapyard | Entered Materials 433 | -10/Materials | Build established: Mutant 508 | -10/Materials | Discovered new exit (range 10) 519 | -10/Materials | Entered Subcaves 520 | -10/Subcaves | Approached by a straggling Scientist 687 | -10/Subcaves | Ambushed by swarm of Subdwellers 688 | -10/Subcaves | Ambushed by Subdwellers from Twisted Machinery 688 | -10/Subcaves | Ambushed by Subdwellers from Twisted Machinery 757 | -10/Subcaves | Lost 4 allies 757 | -10/Subcaves | Core integrity fell below 50% 782 | -10/Subcaves | Lost 4 parts (1p1n1u1w) 824 | -10/Subcaves | Core integrity fell below 20% 831 | -10/Subcaves | Destroyed by QK-WYT(R) with Subdweller Machine Gun Last Messages --------------- 00726_ Q5-0KJ(g) suffers critical hit (Destroy). 00726_ Q5-0KJ(g) destroyed. 00731_ Subatomizers dissect the Neutrino Core. 00731_ M8-NO6(R) affixes Scrap Shield Fragment to Scrap Shield. 00736_ Scrap Shield destroyed. 00737_ Acquired 4 matter. 00740_ Acquired Phase Shifter. 00745_ Subatomizers dissect the Neutrino Core. 00745_ Lgt. Ion Engine destroyed. 00748_ Acquired Neutrino Core. 00750_ Aluminum Leg destroyed. 00751_ Sml. Laser destroyed. 00754_ Acquired 25 matter. 00759_ Subatomizers dissect the Armor Integrity Analyzer. 00811_ Phase Shifter destroyed. 00817_ Assault Rifle destroyed. 00819_ Neutrino Core destroyed. 00819_ BH-AHZ(R) destroyed. 00824_ Y0-WDJ(R) destroyed. 00825_ Subatomizers dissect the Sub. Machine Gun. Map ----- +----------------------------------------------------+ | #???????????### #?????????????? | | ##???????????## ##?????????????? | | ###?????????# ####??????????????? | | # ##???##???# ## #?????????????????? | | # #??? ##??# # #?????????????????? | | # #??? #??## # ##????????????????? | | # #???# ?### ## #????????????????? | | #???## #?# # ##????????????????? | | #???## ### ### #????????????????? | | #???## ## ### ##???????????????? | | #???# ## ## ##??????????????? | | #???# #?# ## #??????????????? | | # ##??## ### ##?????????????? | | ## #??## #?????????????? | | # #### #?????????????? | | ## # #?????????????? | | ## ###?????????????? | | ?# ## ### ###???????????????? | | ?# ###### ### ##?????????????????? | | ?# ### ##??????????????????? | | ?# > ### #####???????????????? | | ?## #?#### ##??????????????? | | ??## ##???## R #??????????????? | | ???## ##???## !%! ##???????????????? | | ??### ###### *[ #????????????????? | | ?## ## R % @ ##???????????????? | | ?# ## ##??????????????? | | ?# ### #??????????????? | | ?# ###### #??????????????? | | ?# ####### #??????????????? | | ?# ### ###### #??????????????? | | ?# #?# #??####??????????????? | | ?######## #### #???????????????????? | | ???????# #??## #??????????????????? | | ?????# ##???# #??????????????????? | | ##????## #????## #??????????????????? | | #??????#### #?????## ##??????????????????? | | ??????????# #??????#####???????????????????? | | ??????????####??????????????????????????????? | | ????????????????????????????????????????????? | | ????????????????????????????????????????????? | | ????????????????????????????????????????????? | | ????????????????????????????????????????????? | | ????????????????????????????????????????????? | | ????????????????????????????????????????????? | | ????????????????????????????????????????????? | | ????????????????????????????????????????????? | | ????????????????????????????????????????????? | | ????????????????????????????????????????????? | | ????????????????????????????????????????????? | +----------------------------------------------------+ Best States ------------- Heat Dissipation 35 Energy Generation 19 Energy Capacity 315 Matter Stores 397 Matter Capacity 400 Sight Range 16 Terrain Scan Density 10 Armor Coverage 800 Phase Shifting 5 Evasion (%) 55 Item Schematics ----------------- None Robot Schematics ------------------ None Fabricated ------------ Nothing Repaired ---------- Nothing Studied --------- None Alien Tech Used ----------------- None Achievements -------------- None Challenges ------------ None Game ------ Seed WeldingPhaseStabilizer Manual? 0 Play Time 00:24:45 Cumulative 4.1 hours Start 2026.01.11 @ 17:52:09 End 2026.01.11 @ 18:15:28 Sessions 1 Manual Loads 0 Difficulty Rogue Special Mode None Game No. 3 Rogue 3 Adventurer 0 Explorer 0 Win Type - Total 0 Types 0/0/0/0/0/0/0/0/0/0 Lore% 0 Gallery% 7 Achievement% 5 Wizard Run 0 Options --------- Layout 0 ASCII 0 Keyboard 1 Movement Vi Keybinds 0 Fullscreen 1 Font 14/SmallcapsGlow Map View 72x54 Zoom Use 0% Tactical HUD 1 Map Filters NONE Filters NONE Steam 0 RUN: c14313c5-47f5-43cd-9ea4-8f196889d55f